 Dungeon Crawl Stone Soup version 0.18-a0-1060-g4fac74f (webtiles) character file.

55 namelastname112 the Magician (level 3, -2/28 HPs)
             Began as a Draconian Wizard on Jan 12, 2016.
             Slain by Sigmund
             ... wielding a +0 scythe
              (8 damage)
             ... on level 2 of the Dungeon.
             The game lasted 00:02:19 (1367 turns).

namelastname112 the Magician (Draconian Wizard)     Turns: 1367, Time: 00:02:19

Health: -2/28      AC:  5    Str: 12    XL:     3   Next: 67%
Magic:  7/7        EV:  7    Int: 18    God:
Gold:   93         SH:  0    Dex: 10    Spells: 1 memorised, 7 levels left

rFire  . . .     SeeInvis .     r - +0 dagger (drain)
rCold  . . .     Gourm    .     (armour unavailable)
rNeg   . . .     Faith    .     (no shield)
rPois  .         Spirit   .     a - +0 hat
rElec  .         Dismiss  .     (no cloak)
rCorr  .         Reflect  .     (no gloves)
SustAt .         Harm     .     (no boots)
MR     .....                    (no amulet)
Stlth  ++........               o - +3 ring of strength
                                m - ring of wizardry

@: very slightly contaminated, invisible (expiring), not resistant to hostile
enchantments, unstealthy
A: unfitting armour, cold-blooded, AC +5
a: no special abilities


You were on level 2 of the Dungeon.
You were hungry.

You visited 1 branch of the dungeon, and saw 2 of its levels.

You collected 93 gold pieces.

Inventory:

Hand Weapons
 r - a +0 dagger of draining (weapon)
Armour
 a - a +0 hat (worn)
Jewellery
 h - an uncursed ring of fire
 m - a ring of wizardry (left hand)
 o - a +3 ring of strength (right hand)
Scrolls
 e - 2 scrolls of remove curse {unknown}
 g - a scroll of amnesia {unknown}
 i - a scroll of enchant armour {unknown}
 l - a scroll of identify {unknown}
 p - a scroll of enchant weapon {unknown}
Potions
 f - a potion of brilliance {unknown}
 j - 3 potions of curing {unknown}
 q - a potion of lignification {unknown}
Books
 b - a book of Minor Magic

   Spells                             Type                      Level
   a - Magic Dart                     Conjuration                  1
   b - Blink                          Translocation                2
   c - Call Imp                       Summoning                    2
   d - Repel Missiles                 Charms/Air                   2
   e - Slow                           Hexes                        2
   f - Conjure Flame                  Conjuration/Fire             3
   g - Mephitic Cloud                 Conjuration/Poison/Air       3
Comestibles
 c - 4 bread rations
 k - a beef jerky
 n - a slice of pizza
 s - a meat ration


   Skills:
 + Level 1.3 Fighting
 * Level 1.8 Short Blades
 + Level 2.4 Dodging
 * Level 2.3 Stealth
 - Level 3.0 Spellcasting
 - Level 1.0 Conjurations
   Level 1.0 Summonings
   Level 1.0 Translocations


You had 7 spell levels left.
You knew the following spells:

 Your Spells              Type           Power        Failure   Level  Hunger
z - Magic Dart            Conj           #...         4%          1    None


Dungeon Overview and Level Annotations

Branches:
Dungeon (2/15)

Altars:
Cheibriados

Annotations:
D:2 Ijyb, Sigmund


Innate Abilities, Weirdness & Mutations

Your plain brown scales are hard (AC +5).
Your body does not fit into most forms of armour.
You are cold-blooded and may be slowed by cold attacks.


Message History

You hit Sigmund but do no damage. You drain Sigmund!
Sigmund is heavily wounded.
Sigmund hits you with a scythe.
You hit Sigmund.
Sigmund is severely wounded.
Ijyb closely misses you.
Sigmund mumbles some strange words.
Sigmund flickers and vanishes!
Deactivating autopickup; reactivate with Ctrl-A.
A worm comes into view.
You hit something. Ijyb misses you.
You miss something. Ijyb closely misses you. Something hits you!
* * * LOW HITPOINT WARNING * * *
There is a stone staircase leading up here.
You hit Ijyb but do no damage.
Your tail-slap misses Ijyb.
The rat misses you.
You flicker for a moment.
You are feeling hungry.
Ijyb completely misses you. Something hits you!
You die...

...####.# #.# #.# ...#
## #.### #.# ..## ..#
#...## #.# ..#
#.#..####..######.# ..#
#.##.>#...........# ..#
#.# #............#
..#####.# ###..........#
........# #.....g......#
........###.#..r@......#
............#..........#
............########w..#
............#### ##.(#
††.............# ...
##..........##.... ..
##.....#.#### ###
#.......# ######..#


You could see Ijyb, a worm (wandering) and a rat.

Vanquished Creatures
  2 adders (D:2)
  A giant gecko (D:2)
  3 ball pythons
  A giant cockroach (D:2)
  4 hobgoblins
  3 jackals (D:1)
  4 kobolds (D:1)
  3 bats
  7 goblins
  6 rats
34 creatures vanquished.

Notes
Turn   | Place    | Note
--------------------------------------------------------------
     0 | D:1      | namelastname112 the Draconian Wizard began the quest for the Orb.
     0 | D:1      | Reached XP level 1. HP: 14/14 MP: 4/4
   153 | D:1      | Reached skill level 1 in Short Blades
   265 | D:1      | Reached XP level 2. HP: 20/20 MP: 3/6
   836 | D:2      | Noticed Sigmund
   886 | D:2      | Found a snail-covered altar of Cheibriados.
  1022 | D:2      | Reached XP level 3. HP: 18/27 MP: 2/7
  1034 | D:2      | Reached skill level 1 in Fighting
  1351 | D:2      | Noticed Ijyb
  1367 | D:2      | Slain by Sigmund

Vault maps used:
D:1:      dpeg_arrival_tiny_a
D:2:      old_standard_altar, uniq_iyjb, uniq_sigmund, uniq_crazy_yiuf_cottage

Action                   || total
-------------------------++-------
Melee: Dagger            ||    70
 Cast: Magic Dart        ||    49
  Use: Potion            ||     1
 Stab: Invisible         ||     1
  Eat: Chunk             ||     1
